[Event "*** Titled Tuesday Blitz"]
[Site "Chess.com"]
[Date "2018.04.03"]
[Round "5"]
[White "Manukyan_Artak"]
[Black "XDPS"]
[Result "0-1"]
[WhiteElo "2394"]
[BlackElo "2578"]
[TimeControl "180+2"]
[EndTime "14:08:04 PDT"]
[Termination "XDPS won by resignation"]

1. e4 c5 2. Nf3 e6 3. c3 d5 4. e5 Nc6 5. d4 Qb6 6. a3 Nh6 7. b4 cxd4 8. cxd4 Nf5 9. Bb2 Bd7 10. g4 Nfe7 11. Nc3 h5 12. Na4 Qd8 13. g5 h4 14. Nc5 Bc8 15. Bd3 g6 16. Rc1 b6 17.
Nb3 Bd7 18. b5 Nb8 19. a4 Nf5 20. O-O Be7 21. Qd2 Rh5 22. Kh1 a6 23. Rg1 axb5 24.
axb5 Ra2 25. Ra1 Rxa1 26. Nxa1 Kf8 27. Nc2 Kg7 28. Qf4 h3 29. Ne3 Bc8 30. Nxf5+ exf5 31. Qc1 Be6 32. Ba3 Nd7 33. Bxe7 Qxe7 34. Qc3 Rh8 35. Ra1 Nb8 36. Qa3 Qxa3 37. Rxa3 Rc8 38. Ra1 Rc3 39. Rd1 Rb3 40. Ne1 f4 41. Rb1 Rc3 42. Kg1 Nd7 43.
f3 Nf8 44. Kf2 Nh7 45. Ke2 Nxg5 46. Kd2 Ra3 47. Rc1 Ra2+ 48. Rc2 Rxc2+ 49. Bxc2 f6 50. Kc3 Nf7 51. Nd3 g5 52. Bd1 fxe5 53. dxe5 Bf5 54.
Nb4 Nxe5 55. Nxd5 Nd7 56. Kd4 Be6 57. Nc7 Bf7 58. Be2 Kf6 59. Bf1 Ne5 60. Be2 Bh5 61.
Nd5+ Ke6 62. Nxb6 Bxf3 63. Bf1 g4 64. Nc4 Nxc4 65. Bxc4+ Kd6 66. Bf1 Bg2 67. Be2 g3 68.
hxg3 fxg3 69. b6 h2 70. Bf1 Bxf1 71. b7 Kc7 0-1

[Event "*** Titled Tuesday Blitz"]
[Site "Chess.com"]
[Date "2018.04.03"]
[Round "5"]
[White "mishanick"]
[Black "DrZeiss"]
[Result "1/2-1/2"]
[WhiteElo "2822"]
[BlackElo "2228"]
[TimeControl "180+2"]
[EndTime "14:08:06 PDT"]
[Termination "Game drawn by repetition"]

1. e4 c5 2. Nf3 Nc6 3. d4 cxd4 4. Nxd4 e5 5. Nb5 a6 6. Nd6+ Bxd6 7. Qxd6 Qf6 8. Qd1 Qg6 9. Nc3 d5 10. Nxd5 Qxe4+ 11.
Ne3 Be6 12. Bd3 Qb4+ 13. c3 Qc5 14. Bf5 Rd8 15. Qg4 Bxf5 16. Nxf5 g6 17. Ng3 Qb5 18. Qe2 Qxe2+ 19. Kxe2 f5 20. f3 Nf6 21. Bg5 Kf7 22. Rhd1 h6 23. Rxd8 Nxd8 24. Bxf6 Kxf6 25. Nf1 Nc6 26.
Ne3 Rd8 27. b4 Ke6 28. a4 Ne7 29. a5 Nd5 30. Nxd5 Rxd5 31. g4 e4 32. gxf5+ gxf5 33.
fxe4 Re5 34. Rg1 Rxe4+ 35. Kd3 Kf6 36. Rg3 Re7 37. Rg8 Rd7+ 38. Ke2 Rc7 39. Kd2 Rd7+ 40.
Ke3 Rc7 41. Kd4 Rd7+ 42. Kc5 Rc7+ 43. Kb6 Rxc3 44. Rf8+ Kg5 45. Rg8+ Kf4 46. Rd8 Rc4 47. b5 axb5 48. Kxb7 b4 49. a6 b3 50. Rd1 Rb4+ 51. Kc6 Ra4 52. Kb5 Ra2 53. Rb1 b2 54. Kb6 Ke3 55. a7 f4 56. Kb7 Kd2 57. Rf1 Rxa7+ 58.
Kxa7 Kc2 59. Rf2+ Kc1 60. Rf1+ Kc2 61. Rf2+ Kc3 62. Rf3+ Kc2 63. Rf2+ 1/2-1/2

[Event "*** Titled Tuesday Blitz"]
[Site "Chess.com"]
[Date "2018.04.03"]
[Round "5"]
[White "Tramontanaaa"]
[Black "PulpanJ"]
[Result "0-1"]
[WhiteElo "2390"]
[BlackElo "2431"]
[TimeControl "180+2"]
[EndTime "14:08:10 PDT"]
[Termination "PulpanJ won by resignation"]

1. e4 e5 2. Nf3 Nc6 3. Bb5 Nf6 4. d3 Bc5 5. c3 d6 6. h3 O-O 7. Nbd2 Ne7 8. Nf1 Ng6 9. g3 a5 10. a4 Be6 11. Ng5 Bc8 12. Be3 Bxe3 13. Nxe3 c6 14. Bc4 d5 15. exd5 cxd5 16. Bb3 d4 17. Nc4 h6 18. Ne4 Nxe4 19. dxe4 Be6 20. cxd4 exd4 21.
Kf1 Qe7 22. Nd2 f5 23. exf5 Rxf5 24. Kg2 Raf8 25. Rf1 Qd7 26. Bxe6+ Qxe6 27. Qb3 Rd5 28. Rae1 Qc6 29. Rc1 Qd6 30. Ne4 Qe6 31. Nc5 Qf7 32. f4 Kh8 33. Nd3 Nh4+ 34. gxh4 Rg5+ 35. hxg5 Qxb3 36.
Rf3 hxg5 37. f5 Qd5 38. Rc5 Qe4 39. Re5 Qc6 40. Re6 Qxa4 41. Ne5 Qc2+ 42. Rf2 Qc8 43.
Ng6+ Kh7 44. Nxf8+ Qxf8 45. f6 gxf6 46. Rexf6 Qe8 47.
Rf7+ Kg8 48. R7f5 Qe7 49. Kg3 Kg7 50. Kg4 Kg6 51. Kg3 Qe3+ 52. R5f3 Qe5+ 53. Kg4 b5 54. Rf8 Qe6+ 55. R8f5 d3 0-1

[Event "*** Titled Tuesday Blitz"]
[Site "Chess.com"]
[Date "2018.04.03"]
[Round "5"]
[White "oskariot"]
[Black "Mistheoretical"]
[Result "0-1"]
[WhiteElo "2401"]
[BlackElo "2301"]
[TimeControl "180+2"]
[EndTime "14:08:10 PDT"]
[Termination "Mistheoretical won on time"]

1. b3 Nf6 2. Bb2 d5 3. Bxf6 exf6 4. d4 Bd6 5. e3 O-O 6. Ne2 c6 7. g3 f5 8. Bg2 Nd7 9. Nd2 Nf6 10.
c4 dxc4 11. Nxc4 Bb4+ 12. Kf1 Re8 13. a3 Bf8 14. Qc2 g6 15. Nc3 Qe7 16. Ne5 Be6 17.
b4 Rad8 18. Bf3 Nd7 19. Nd3 Bg7 20. Kg2 g5 21. Nc5 Nf6 22. h4 h6 23. hxg5 hxg5 24.
Nd3 Bc8 25. Ne5 Nd7 26. Nd3 Nf6 27. Rh2 Ne4 28. Nc5 Nxf2 29. Qxf2 Qxe3 30. Qxe3 Rxe3 31. Rc1 Rxd4 32. Ne2 Rd2 33. Kf2 Rxa3 34. Ke1 Raa2 35. b5 g4 36. Bh1 Be6 37. bxc6 bxc6 38. Bxc6 Be5 39. Rg2 Kg7 40. Kf1 Kg6 41. Bb5 Bd5 42. Rf2 Bxg3 43. Nd3 Bxf2 44. Nef4+ Kg7 45. Nxd5 Rdc2 46.
Rxc2 Rxc2 47. Nxf2 Rc5 48. Ba4 Rxd5 49. Kg2 a5 50.
Kg3 Rd4 51. Bc2 Kg6 52. Nd3 Kg5 53. Ne5 f4+ 54. Kf2 Rd2+ 0-1

[Event "*** Titled Tuesday Blitz"]
[Site "Chess.com"]
[Date "2018.04.03"]
[Round "5"]
[White "ViktorMatviishen"]
[Black "GM_dmitrij"]
[Result "0-1"]
[WhiteElo "2565"]
[BlackElo "2697"]
[TimeControl "180+2"]
[EndTime "14:08:12 PDT"]
[Termination "GM_dmitrij won by resignation"]

1. d4 d5 2. c4 dxc4 3. e4 Nf6 4. e5 Nd5 5. Bxc4 Nb6 6. Bd3 Nc6 7. Ne2 Bg4 8. Be3 e6 9. Nbc3 Nd5 10. O-O Be7 11. Nxd5 exd5 12. f3 Be6 13. f4 f5 14.
exf6 Bxf6 15. f5 Bf7 16. Bb5 O-O 17. Bxc6 bxc6 18. Qc2 Qd7 19. Rae1 Rae8 20. Bf2 g6 21. Nf4 gxf5 22. Nd3 Qd6 23. Ne5 Bg6 24. Bg3 Qb4 25.
Qc3 Qxc3 26. bxc3 Re6 27. Nd7 Rxe1 28. Rxe1 Rf7 29. Re8+ Kg7 30. Nc5 Re7 31. Rxe7+ Bxe7 32. Ne6+ Kf7 33. Nxc7 Bg5 34. Na6 f4 35. Bf2 Ke6 36. Nc5+ Kd6 37. Be1 Bb1 38. a3 f3 39.
gxf3 Bc1 40. a4 Ke7 41. Kf2 Kf6 42. Kg3 Kf5 43. Kg2 Bc2 44. a5 Bd1 45. Kg3 Bf4+ 46. Kg2 Be2 47. Bg3 Bd2 48. Bb8 a6 49. Bc7 Bxc3 50.
Nb3 Bc4 51. Nc5 Bxd4 52. Nb7 Bc3 53. Bb6 Be5 54. Nd8 Bb5 55. Nf7 Bf6 56. Nd6+ Ke6 57. Ne8 Be5 58. Nc7+ Kf5 59. Ne8 d4 60. Bc5 d3 61.
Be3 c5 62. Kf2 Bxe8 0-1

[Event "*** Titled Tuesday Blitz"]
[Site "Chess.com"]
[Date "2018.04.03"]
[Round "5"]
[White "Alexander_Moskalenko"]
[Black "eldur16"]
[Result "0-1"]
[WhiteElo "2688"]
[BlackElo "2550"]
[TimeControl "180+2"]
[EndTime "14:08:16 PDT"]
[Termination "eldur16 won on time"]

1. e4 g6 2. d4 Bg7 3. Nc3 d6 4. Be3 a6 5. Qd2 b5 6. f3 Nd7 7.
h4 h6 8. O-O-O Nb6 9. g4 Nf6 10.
Kb1 h5 11. g5 Nfd7 12. Qf2 Bb7 13. Nce2 Nc4 14. Bc1 c5 15. Nh3 cxd4 16. Nxd4 Qb6 17. Nb3 Rc8 18. Bxc4 bxc4 19. Qxb6 Nxb6 20. Na5 Ba8 21. Be3 Nd7 22. Bd4 O-O 23. Bxg7 Kxg7 24. Rd4 Ne5 25. Rf1 Rc5 26. b4 cxb3 27. Nxb3 Rc3 28.
Ng1 Rfc8 29. Rf2 Re3 30. Rd1 Nc4 31. Re2 Na3+ 32. Kb2 Rxe2 33. Nxe2 Rxc2+ 34. Kxa3 Rxe2 35. Rc1 d5 36. e5 d4 37. Nxd4 Re3+ 38. Kb4 Rxe5 39.
Rc8 Bd5 40. a4 a5+ 41. Kc3 Bxf3 42. Rc7 Bd1 43. Nc6 Rc5+ 44. Kd4 Rc1 45. Rc8 Bxa4 46. Nxe7 Rxc8 47. Nxc8 Bc6 48. Nd6 a4 49. Nc4 f5 50.
Kc5 Bd7 51. Kd6 Be8 52. Ke5 Bf7 53. Na3 Bb3 54. Nb5 Kf7 55. Na3 Ke7 56. Nb5 Kd7 57. Na3 Kc6 58. Kd4 Kb6 59. Nb1 Kb5 60. Na3+ Kb4 61.
Nb1 a3 0-1

[Event "*** Titled Tuesday Blitz"]
[Site "Chess.com"]
[Date "2018.04.03"]
[Round "5"]
[White "dimke2802"]
[Black "djano"]
[Result "0-1"]
[WhiteElo "2317"]
[BlackElo "2440"]
[TimeControl "180+2"]
[EndTime "14:08:33 PDT"]
[Termination "djano won by resignation"]

1. d4 Nf6 2. Nf3 g6 3. c4 Bg7 4. g3 d5 5. cxd5 Nxd5 6. Bg2 O-O 7. O-O Nc6 8. Nc3 Nb6 9. e3 Bf5 10. a3 Qd7 11. Re1 Bh3 12. Bh1 Rad8 13. Qe2 Bg4 14. Bg2 e5 15. d5 Nxd5 16. Nxd5 Qxd5 17. h3 Bxf3 18. Bxf3 e4 19. Bg2 Ne5 20. Rb1 Nf3+ 21. Bxf3 exf3 22. Qc2 c6 23. e4 Qd3 24. Qxd3 Rxd3 25.
Be3 b6 26. Red1 Rfd8 27. Rxd3 Rxd3 28. Rc1 c5 29. b4 Bd4 30. Bxd4 cxd4 31. a4 Rc3 32.
Rd1 Rc4 33. a5 Rxb4 34. axb6 axb6 35. Rd3 Rc4 36. Rxf3 b5 37. Rb3 b4 38. Kg2 Kg7 39. f4 f5 40. e5 Kf7 41. Kf2 Ke6 42. Rb1 Kd5 43. Re1 d3 44. e6 Rc8 45. Ke3 Kxe6 46.
Kxd3+ Kd5 47. Re5+ Kd6 48. Kd4 Rb8 49. Re2 b3 50. Rb2 h6 51. Kc4 g5 52. fxg5 hxg5 53. h4 gxh4 54. gxh4 Ke5 55. h5 f4 56. Kd3 Kf5 57. Ke2 Kg4 58. h6 Kg3 59. h7 f3+ 60.
Kf1 Rc8 61. Ke1 Rh8 62. Rxb3 Rxh7 63. Rb8 Rh1+ 64. Kd2 f2 65. Rg8+ Kf3 66. Rf8+ Kg2 67. Rg8+ Kf1 68. Rg3 Rg1 69. Ra3 Kg2 70. Ra2 f1=Q 71.
Ke3+ Kg3 0-1

[Event "*** Titled Tuesday Blitz"]
[Site "Chess.com"]
[Date "2018.04.03"]
[Round "5"]
[White "ChessWarrior7197"]
[Black "1977Ivan"]
[Result "1-0"]
[WhiteElo "2654"]
[BlackElo "2416"]
[TimeControl "180+2"]
[EndTime "14:08:40 PDT"]
[Termination "ChessWarrior7197 won by resignation"]

1. d4 Nf6 2. c4 e6 3. Nf3 c5 4.
g3 cxd4 5. Nxd4 Qc7 6. Bg2 Bb4+ 7. Bd2 Qxc4 8. Nc2 Bxd2+ 9. Nxd2 Qc7 10. O-O Nc6 11. Rc1 O-O 12. e4 b6 13. Nc4 Ba6 14.
N2e3 Rad8 15. Re1 Qb8 16. Nd6 Nb4 17. Rc3 Nbd5 18. Nxd5 Nxd5 19. exd5 Qxd6 20. Ra3 Bc4 21. dxe6 dxe6 22. Qxd6 Rxd6 23. Rxa7 Rfd8 24. Bf3 g5 25. b3 Bd5 26. Bxd5 Rxd5 27. Kg2 Kg7 28. Re4 h5 29. Rb4 R8d6 30. Rc4 Rf5 31. Rc2 b5 32. Rb7 Rd1 33. h3 Kg6 34. Rb8 Kg7 35. Rb7 h4 36. g4 Rf4 37. Rxb5 Kf6 38. a4 Re4 39. Rb7 Ree1 40. Rcc7 Rg1+ 41. Kf3 Rd3+ 42. Ke2 Rxh3 43. Rxf7+ Ke5 44. Rb5+ Kd6 45. Rb6+ Ke5 46. Re7 Rxg4 47. Rexe6+ Kd5 48. a5 Rc3 49. Rbd6+ Kc5 50. Rc6+ Kb4 51. Rxc3 Kxc3 52. Re3+ Kb4 53. a6 Rg1 54. Re4+ Kxb3 55. Ra4 Kxa4 56. a7 Kb3 57. a8=Q Kc4 58. Qe4+ Kc5 59.
f4 gxf4 60. Qxf4 Rg2+ 61. Kf1 h3 62. Qf5+ Kd4 63. Qxh3 Rd2 64. Ke1 Rd3 65. Qc8 Ke3 66.
Qc4 Rd4 67. Qc3+ Rd3 68. Qe5+ Kf3 69. Qe2+ 1-0

[Event "*** Titled Tuesday Blitz"]
[Site "Chess.com"]
[Date "2018.04.03"]
[Round "5"]
[White "nicegg"]
[Black "AndrewMcStone"]
[Result "1-0"]
[WhiteElo "1889"]
[BlackElo "2084"]
[TimeControl "180+2"]
[EndTime "14:08:43 PDT"]
[Termination "nicegg won by checkmate"]

1. e4 Nc6 2. d4 d5 3. e5 Bf5 4. g4 Be4 5. f3 Bg6 6. h4 h5 7.
e6 Qd6 8. exf7+ Bxf7 9. Ne2 e5 10. c3 O-O-O 11. g5 Nge7 12. f4 exd4 13. cxd4 Bg6 14. Ng3 Qb4+ 15. Nc3 Qxd4 16. f5 Nxf5 17. Bh3 Qe5+ 18.
Nce2 Kb8 19. Bf4 Bb4+ 20. Kf2 Bc5+ 21. Ke1 Qe6 22. Rf1 Rhf8 23. Rc1 Bb4+ 24. Kf2 Ne3 25. Bxe6 Nxd1+ 26. Rfxd1 Rde8 27. Bxd5 Bd6 28. Kf3 Ne5+ 29. Kg2 Ng4 30. Bxd6 cxd6 31. Rd3 Ne3+ 32. Kh3 Nxd5 33. Rxd5 Rf3 34. Rf1 Rfe3 35. Rf4 Bd3 36. Rfd4 Bxe2 37. Rxd6 Bg4+ 38. Kg2 a6 39. Rd8+ Rxd8 40. Rxd8+ Kc7 41. Rg8 Re7 42. g6 Be6 43. Rh8 Bxa2 44. Nxh5 Bd5+ 45. Kg3 Be4 46. Rh7 Bxg6 47. Rxg7 Rxg7 48. Nxg7 a5 49. h5 Bh7 50. Kf4 Kc6 51. Ke5 Kc5 52. Ne6+ Kc4 53.
Ng5 Bd3 54. h6 Bg6 55. Kf6 Bc2 56. Ke5 b5 57. Ne4 a4 58. h7 b4 59. h8=Q a3 60.
Qg8+ Kd3 61. bxa3 b3 62. Qd8+ Ke3 63. Qd4+ Kf3 64. Nc3 b2 65. Qd5+ Kf2 66. Kd4 Ke1 67. Qh1+ Kd2 68. Qg2+ Kc1 69. Qf1+ Kd2 70. Qe2+ Kc1 71.
Qe1+ Bd1 72. Qxd1# 1-0

[Event "*** Titled Tuesday Blitz"]
[Site "Chess.com"]
[Date "2018.04.03"]
[Round "5"]
[White "BilodeauA"]
[Black "schoolmeester"]
[Result "0-1"]
[WhiteElo "2642"]
[BlackElo "2686"]
[TimeControl "180+2"]
[EndTime "14:08:55 PDT"]
[Termination "schoolmeester won by checkmate"]

1. e4 c5 2. Nf3 e6 3. d4 cxd4 4. Nxd4 Nc6 5. Nc3 Qc7 6. Be2 a6 7. O-O Nf6 8. Be3 Be7 9. f4 d6 10. Qe1 O-O 11. Qg3 d5 12. exd5 exd5 13. Kh1 Bb4 14.
Nxc6 bxc6 15. Bd4 Be7 16. Rae1 Bf5 17. Bd3 Bxd3 18. cxd3 Rfe8 19. Na4 g6 20. Qf3 Nh5 21.
f5 Bb4 22. fxg6 hxg6 23. Nc3 Rxe1 24. Rxe1 Qd7 25. g4 Ng7 26. Qf6 Bf8 27. h3 Re8 28. Rxe8 Qxe8 29. Be5 Qe6 30. Kg2 Qxf6 31. Bxf6 Ne6 32. Ne2 Bg7 33. Bxg7 Kxg7 34. d4 g5 35. Kf3 Kg6 36. Ke3 f5 37. a3 Kf6 38. a4 a5 39.
b3 c5 40. gxf5 Kxf5 41. dxc5 Nxc5 42. Nd4+ Kf6 43. Kf3 Kg6 44. Kg4 Kf6 45. Kf3 Kg6 46. Ke3 Kf6 47. Kd2 Kg6 48. Kc2 Kh5 49. Nf3 Kg6 50.
Kc3 Kf5 51. Nd4+ Kf4 52. Nc6 Nb7 53. Kd4 Kg3 54. Kxd5 Kxh3 55. Ne5 g4 56. Kc6 g3 57. Nd3 Nd8+ 58. Kb6 Ne6 59. Kxa5 Nc5 60. Nxc5 g2 61. Kb6 g1=Q 62. a5 Qg6+ 63. Kb5 Qe8+ 64. Kc4 Qf7+ 65. Kb4 Qa7 66. Kb5 Kg4 67. b4 Kf5 68. Kc6 Qa8+ 69. Kc7 Ke5 70. a6 Kd5 71. Kb6 Qc6+ 72. Ka7 Qc7+ 73. Nb7 Kc6 74. Ka8 Kb6 75. b5 Qc8# 0-1

[Event "*** Titled Tuesday Blitz"]
[Site "Chess.com"]
[Date "2018.04.03"]
[Round "5"]
[White "Caisachess"]
[Black "chesstatour"]
[Result "0-1"]
[WhiteElo "2202"]
[BlackElo "1984"]
[TimeControl "180+2"]
[EndTime "14:08:56 PDT"]
[Termination "chesstatour won on time"]

1. e4 c6 2. d4 d5 3. exd5 cxd5 4. c4 Nf6 5. Nc3 Nc6 6. Nf3 Bg4 7. cxd5 Nxd5 8.
Qb3 Bxf3 9. gxf3 e6 10. Qxb7 Nxd4 11. Bb5+ Nxb5 12. Qxb5+ Qd7 13. Nxd5 exd5 14. Qxd7+ Kxd7 15. Be3 Bb4+ 16. Ke2 Rhc8 17. Rac1 a5 18. Rhg1 g6 19. Kd3 Ke6 20. Bd4 Rxc1 21. Rxc1 Ra6 22. a3 Bd6 23. h3 Kd7 24. Bc5 Bxc5 25. Rxc5 Kd6 26.
Kd4 Rb6 27. Rxd5+ Ke6 28. Re5+ Kf6 29. Re2 Kf5 30. Kc3 a4 31. Rd2 Rb3+ 32. Kc4 Kf4 33. Rd7 f5 34. Ra7 Rxb2 35. Rxh7 Rb3 36. Rg7 Rxa3 37.
Rxg6 Rxf3 38. h4 a3 39. Kb4 a2 40. Ra6 Rxf2 41. h5 Kg5 42. h6 Rh2 43. Kc4 Rxh6 44.
Rxa2 Kf4 45. Kd3 Rh3+ 46. Kd4 Kg4 47. Ra8 f4 48. Rg8+ Kf3 49. Rf8 Rh1 50. Rf7 Rd1+ 51. Ke5 Re1+ 52. Kd4 Re4+ 53. Kd3 Re3+ 54. Kd2 Re8 55.
Rf6 Kg3 56. Rg6+ Kf2 57. Rf6 f3 58. Rd6 Kg2 59. Rg6+ Kf1 60. Rf6 f2 61. Kd3 Re1 62. Kd2 Kg1 63. Rg6+ Kh2 64. Rh6+ Kg3 65. Rg6+ Kh4 0-1

[Event "*** Titled Tuesday Blitz"]
[Site "Chess.com"]
[Date "2018.04.03"]
[Round "5"]
[White "Karina_Oparina"]
[Black "abubakrtagelsir"]
[Result "0-1"]
[WhiteElo "2142"]
[BlackElo "2267"]
[TimeControl "180+2"]
[EndTime "14:08:58 PDT"]
[Termination "abubakrtagelsir won by resignation"]

1. d4 d5 2. c4 c6 3. Nf3 Nf6 4. e3 Bf5 5. Nc3 e6 6. Nh4 Bg4 7. f3 Bh5 8. Qb3 Qb6 9. Qxb6 axb6 10. e4 Be7 11. g3 Nfd7 12. Be2 Bxh4 13. gxh4 dxc4 14.
Rg1 g6 15. Bg5 b5 16. e5 h6 17. Bf4 Na6 18. a4 Nb4 19. Kd2 Nd5 20. axb5 Ke7 21.
Rxa8 Rxa8 22. Bxh6 c5 23. Bg5+ Ke8 24. dxc5 Nxc5 25. Nxd5 exd5 26. Be3 Ne6 27. Bb6 Ra2 28. Kc2 Nf4 29. Bd1 Nd3 30. Bd4 Ra5 31. Be2 Rxb5 32.
Bxd3 cxd3+ 33. Kxd3 Bxf3 34. Rc1 Rb3+ 35. Kd2 Be4 36. Rc3 Rxb2+ 37. Ke3 Rxh2 38. Rc8+ Kd7 39. Rf8 Ke6 40. Rd8 Kf5 41. Rd7 Rh3+ 42. Kf2 Rf3+ 43. Ke2 Kg4 44. Bf2 Bd3+ 45. Ke1 Be4 46. Rxb7 Rf5 47.
Re7 Kf3 48. Rb7 Kg4 49. Re7 Rf3 50. Ra7 Bd3 51. Ra4+ Kh3 52. Rd4 Be4 53. Ra4 Kg2 54. Bd4 Rf1+ 55. Ke2 Rf3 56. Ra7 Bd3+ 57. Kd2 Be4 58.
Ke2 Kg3 59. Re7 Kxh4 60. e6 fxe6 61. Rxe6 Kg4 62. Re8 Rf7 63. Re6 g5 64. Be3 Rf5 65. Rg6 Kh4 66. Rh6+ Kg3 67. Rh5 Bf3+ 0-1

[Event "*** Titled Tuesday Blitz"]
[Site "Chess.com"]
[Date "2018.04.03"]
[Round "5"]
[White "gemarin"]
[Black "KRASAVCHIK2002"]
[Result "1-0"]
[WhiteElo "1890"]
[BlackElo "1956"]
[TimeControl "180+2"]
[EndTime "14:09:23 PDT"]
[Termination "gemarin won by resignation"]

1. d4 Nf6 2. c4 c5 3. d5 b5 4. cxb5 a6 5. b6 d6 6. Nc3 Nbd7 7. a4 Qxb6 8. a5 Qc7 9. e4 g6 10. Nf3 Bg7 11. h3 O-O 12. Bc4 Rb8 13. O-O h6 14.
Re1 Kh7 15. Qd3 Ra8 16. Bd2 Ne8 17. b3 Ne5 18. Nxe5 Bxe5 19. Ra2 Bg7 20. Na4 Nf6 21.
Nb6 Ra7 22. Bc3 Nd7 23. Nxc8 Rxc8 24. Bxg7 Kxg7 25. f4 f6 26. Qc3 Rb8 27. Kh1 Rb4 28.
Qg3 Rb8 29. Qg4 Rf8 30. Re3 Rg8 31. Rg3 Nf8 32. h4 Qd7 33. f5 g5 34. Rh3 Rh8 35.
Qh5 Rh7 36. Qe2 Qc8 37. Rc2 Nd7 38. Qh5 Ne5 39. Qe2 Qd8 40. Qd2 g4 41. Re3 h5 42. b4 cxb4 43. Qxb4 Qd7 44. Rb3 Rh8 45. Be2 Rc7 46. Rbc3 Rhc8 47. Kh2 Rxc3 48. Rxc3 Rxc3 49. Qxc3 Qb7 50. Bf1 Kf7 51. Be2 Qb1 52. Bxa6 Qxe4 53. Bb7 Qf4+ 54. Qg3 Qa4 55. a6 Qa2 56. Qe3 Nf3+ 57.
Kg3 Ne5 58. Qh6 Qa3+ 59. Kh2 g3+ 60. Kh3 Ng4 61. Qxh5+ Kf8 62. Qxg4 Qe3 63. Qxg3 Qg1 64. Qf3 Qh1+ 65. Kg3 Qg1 66. Kg4 Qh2 67. Kh5 Qe5 68. Kg6 Qd4 69. Qh5 Ke8 70. Bc6+ Kd8 71. Kf7 Qe5 72.
Qh8+ Kc7 73. Qa8 Kb6 74. Qb7+ Kc5 75. a7 Qxf5 76. a8=Q Qh7+ 77. Ke8 Qg8+ 78. Kd7 Qg4+ 79. Kc7 Kd4 80. Qb6+ Ke5 81. Qa1+ Kf5 82. Bd7+ Kg6 1-0

[Event "*** Titled Tuesday Blitz"]
[Site "Chess.com"]
[Date "2018.04.03"]
[Round "5"]
[White "codapbg94"]
[Black "AndrewDGreen"]
[Result "1-0"]
[WhiteElo "2056"]
[BlackElo "2097"]
[TimeControl "180+2"]
[EndTime "14:09:31 PDT"]
[Termination "codapbg94 won by resignation"]

1. e4 c5 2. Nf3 g6 3. d4 cxd4 4.
Qxd4 Nf6 5. Nc3 Nc6 6. Qa4 d6 7. e5 dxe5 8. Nxe5 Bg7 9. Bb5 O-O 10. Nxc6 bxc6 11. Bxc6 Bd7 12. Bxd7 Qxd7 13. Qxd7 Nxd7 14. Bd2 Nb6 15. Rb1 Nc4 16. Na4 Nxd2 17. Kxd2 Rfd8+ 18. Ke2 Rd4 19. b3 e5 20. Rhd1 Re4+ 21. Kf1 Rh4 22. h3 e4 23. Rd7 e3 24. fxe3 Re4 25. Rbd1 Bh6 26. Rd8+ Rxd8 27. Rxd8+ Kg7 28. Rd3 Bxe3 29. c4 Bg5 30. Nc3 Re6 31. Nb5 Be7 32. Nc3 h5 33.
Ne2 Bh4 34. Rd7 Be7 35. Rxa7 Rf6+ 36. Ke1 Bb4+ 37. Kd1 Rd6+ 38. Kc1 Rd2 39. Nf4 Rf2 40. Nd5 Bc5 41. Ra5 Bd4 42. b4 Rxg2 43. b5 g5 44. b6 g4 45. hxg4 h4 46. b7 Be5 47. Ne3 Bf4 48.
b8=Q Rg1+ 49. Kd2 Bxb8 50. Rh5 Bg3 51. Nf5+ Kg6 52. Nxh4+ Kf6 53. Nf3 Rg2+ 54. Kd3 Rxa2 55. Rf5+ Kg6 56. Rg5+ Kf6 57. Rf5+ Ke6 58. Nd4+ Ke7 59.
Rf3 Bh2 60. Re3+ Kd7 61. Rf3 Ra3+ 62. Ke4 Rxf3 63. Nxf3 Ke6 64. c5 Bc7 65. Nd4+ Kd7 66. Kd5 Bh2 67. Nf5 Bg1 68. Nh6 f6 69. Ng8 f5 70. gxf5 Bh2 71. Nh6 Ke8 72. Ng4 Bf4 73. c6 Ke7 74. f6+ Kf7 75. Ne5+ Kxf6 76. c7 Bxe5 77. c8=Q Bf4 78. Qe6+ Kg5 79. Qe4 Kg4 80. Ke6 Kg3 81. Kf5 Bd2 82. Qd3+ 1-0

[Event "*** Titled Tuesday Blitz"]
[Site "Chess.com"]
[Date "2018.04.03"]
[Round "5"]
[White "nubair1198"]
[Black "kasparik_garik"]
[Result "1/2-1/2"]
[WhiteElo "2566"]
[BlackElo "2518"]
[TimeControl "180+2"]
[EndTime "14:09:44 PDT"]
[Termination "Game drawn by stalemate"]

1. d4 Nf6 2. c4 d6 3. Nc3 Bf5 4. g3 e5 5. Nf3 Nbd7 6. Bg2 c6 7. Nh4 Bg6 8. O-O Be7 9. b3 O-O 10. Nxg6 hxg6 11. Bb2 Re8 12. Re1 Qb6 13. Na4 Qc7 14. e4 Bf8 15. Rc1 Rad8 16. d5 c5 17. f4 exf4 18.
gxf4 Nh5 19. Qf3 Re7 20. Nc3 Rde8 21. Kf1 a6 22. Nd1 b5 23. Nf2 Qa5 24. a3 bxc4 25.
Rxc4 f5 26. Bc3 Qxa3 27. exf5 Qxb3 28. Rce4 gxf5 29. Rxe7 Rxe7 30. Rxe7 Bxe7 31. Qxh5 Qxc3 32. Qe8+ Nf8 33. Qxe7 Qc1+ 34. Qe1 Qxf4 35. Kg1 Qd4 36. Bf3 Ng6 37. Qe6+ Kh7 38. Qxf5 Qf4 39. Be4 Qxf5 40.
Bxf5 Kh6 41. Ne4 Nf4 42. Be6 c4 43. Kf2 a5 44. Ke3 g5 45. Nxd6 c3 46. Nb5 c2 47.
Kd2 Kh5 48. Kxc2 Kh4 49. Kb3 Nxd5 50. Bxd5 Kh3 51. Nd4 Kxh2 52. Nf3+ Kg3 53. Nxg5 Kf4 54. Ne4 Ke5 55. Kc4 a4 56. Nc3 a3 57. Na2 Kf4 58. Kd4 Kg5 59. Ke4 Kg4 60. Bc4 Kg5 61. Nc3 a2 62. Nxa2 Kf6 63. Nc3 Kg5 64. Ke5 Kg4 65. Bd5 Kg3 66. Kf5 Kf2 67. Kf4 Ke1 68. Ke3 Kf1 69. Ne4 Ke1 70. Nf2 Kf1 71. Be4 Ke1 72. Bc2 Kf1 73. Kf3 Ke1 74. Ne4 Kf1 75.
Bb3 Ke1 76. Ke3 Kf1 77. Kf3 Ke1 78. Ba4 Kf1 79. Nf2 Ke1 80. Ke3 Kf1 81. Bb5+ Ke1 82.
Bc4 1/2-1/2

[Event "*** Titled Tuesday Blitz"]
[Site "Chess.com"]
[Date "2018.04.03"]
[Round "5"]
[White "Mykola-Bortnyk"]
[Black "VerdeNotte"]
[Result "0-1"]
[WhiteElo "2697"]
[BlackElo "2658"]
[TimeControl "180+2"]
[EndTime "14:09:46 PDT"]
[Termination "VerdeNotte won by resignation"]

1. e4 d6 2. d4 Nf6 3. Nc3 g6 4. h3 Nbd7 5. g4 c5 6. Nge2 Bg7 7. Bg2 Rb8 8. O-O b5 9. dxc5 Nxc5 10.
e5 dxe5 11. Qxd8+ Kxd8 12. Be3 Nfd7 13. Rad1 b4 14. Nd5 e6 15. Nxb4 Rxb4 16. Bxc5 Rxb2 17.
Nc3 Rxc2 18. Na4 Rxa2 19. Bc6 Kc7 20. Bxd7 Bxd7 21. Bd6+ Kc6 22. Nc5 Bc8 23. Nd3 Kxd6 24. Nb4+ Ke7 25. Nxa2 Bb7 26. Rc1 Rd8 27. Nb4 Rd7 28.
Ra1 Bf3 29. Ra3 e4 30. Rxa7 Rxa7 31. Nc6+ Kf6 32. Nxa7 Kg5 33. Nc6 f5 34. gxf5 exf5 35. Nb4 Kh4 36. Rc1 Be5 37. Nc6 Bf4 38. Rb1 Kxh3 39.
Kf1 h5 40. Nd4 Bg2+ 41. Ke2 Be5 42. Nc6 Bf3+ 43. Kf1 Bf6 44. Nb4 Kh2 45. Nd5 Be5 46.
Rb6 g5 47. Rb5 f4 48. Ne7 Bf6 49. Ng8 Bd8 50. Rd5 Bb6 51. Rxg5 e3 52. fxe3 fxe3 53. Nf6 Bd4 54. Nd5 h4 55. Nf4 h3 56. Ne2 Bb6 57.
Rb5 Bd8 58. Rf5 Bg2+ 59. Ke1 Bh4+ 60. Kd1 Bf2 61. Rf4 Bd5 62. Kc2 Kg2 63. Kd3 Bb7 64. Rg4+ Kf1 65. Ng3+ Bxg3 66. Rxg3 e2 67. Rxh3 e1=Q 68.
Re3 Qd1+ 69. Kc3 Qc1+ 70. Kd4 Qd2+ 71. Rd3 Qb4+ 72. Ke3 Qe4+ 73. Kd2 Ba6 74. Rc3 Qd4+ 75. Kc2 Ke2 76. Kb3 Bb5 77. Rc2+ Kd3 78. Rc1 Qa4+ 79. Kb2 Qb4+ 80. Ka1 Qa3+ 81. Kb1 Qb3+ 82. Ka1 Qa4+ 83.
Kb1 Kd4 84. Kb2 Qb4+ 85. Ka1 Qa3+ 86. Kb1 Bd3+ 0-1

[Event "*** Titled Tuesday Blitz"]
[Site "Chess.com"]
[Date "2018.04.03"]
[Round "5"]
[White "amintabatabaei"]
[Black "TigranLPetrosyan"]
[Result "1-0"]
[WhiteElo "2658"]
[BlackElo "2653"]
[TimeControl "180+2"]
[EndTime "14:09:46 PDT"]
[Termination "amintabatabaei won by resignation"]

1. e4 g6 2. d4 Bg7 3. Nf3 a6 4. Bd3 d6 5. O-O Nf6 6. c3 O-O 7. Re1 Nc6 8. Nbd2 e5 9. a4 h6 10. dxe5 dxe5 11. Nc4 Re8 12. h3 Nh5 13. Bf1 Qe7 14.
Ne3 Be6 15. Nd5 Qd7 16. g4 Nf4 17. Nxf4 Qxd1 18. Rxd1 exf4 19. Bxf4 Bb3 20. Re1 Re7 21. Nd2 Be6 22. Bc4 g5 23. Bxe6 fxe6 24. Bg3 Be5 25. Kg2 Bxg3 26. Kxg3 Rd8 27. Nc4 Red7 28. b4 b5 29.
axb5 axb5 30. Ne3 Ne5 31. Red1 Rd3 32. Kg2 Kf7 33. Kf1 R8d6 34. Rxd3 Rxd3 35. Rc1 Nc4 36.
Nxc4 bxc4 37. Ra1 Rxh3 38. Ra7 Rxc3 39. Rxc7+ Kf6 40. Rc5 Rc2 41. Kg2 c3 42. Kf3 Rc1 43. Ke2 Rb1 44. Rxc3 Rxb4 45. Ke3 Rb5 46. Ra3 Ke5 47.
f3 Rc5 48. Rb3 Ra5 49. Rc3 Kd6 50. Rd3+ Ke5 51. Rc3 Ra2 52. Rc5+ Kf6 53. e5+ Kg6 54. Rc6 Ra3+ 55. Ke4 Ra4+ 56. Kd3 Ra3+ 57. Kd4 Rxf3 58.
Rxe6+ Kg7 59. Re7+ Kg6 60. Re6+ Kg7 61. Re7+ Kg6 62. e6 Rf4+ 63. Ke5 Rxg4 64. Re8 Rg1 65. Rg8+ Kh7 66. Rf8 Re1+ 67. Kf6 Rf1+ 68. Ke7 Re1 69.
Kf7 g4 70. e7 g3 71. e8=Q Rxe8 72. Rxe8 h5 73. Kf6 g2 74. Re7+ Kh6 75. Rg7 h4 76. Rxg2 Kh5 77. Kf5 h3 78. Rg8 Kh4 79.
Kf4 1-0